IL
LEHIGH VALLEY IRONPIGS @ IOWA CUBS
09/21/2048
 
TOP OF THE 1ST
Lehigh Valley IronPigs batting - Pitching for Iowa Cubs : LHP Jesse Fields
Pitching: LHP Jesse Fields
Batting: RHB Mark Schultz 0-0: Ball
1-0: Ball
2-0: Called Strike
2-1: Fly out, F8 (Flyball, 89M, EV 91.2 MPH)
Batting: RHB Kyle Reilly 0-0: Called Strike
0-1: Foul Ball, location: 2F
0-2: SINGLE (Line Drive, 8RS, EV 96.9 MPH)
Batting: LHB Josh George 0-0: Ball
1-0: Ball
2-0: Ball
3-0: Called Strike
3-1: Fly out, F8 (Flyball, 8RD, EV 107.5 MPH)
Batting: RHB Carlos Morejon 0-0: Ball
Pickoff Throw to First - Out! 1-3 CS
Top of the 1st over - 0 runs, 1 hit, 0 errors, 0 left on base; Lehigh Valley 0 - Iowa 0
BOTTOM OF THE 1ST
Iowa Cubs batting - Pitching for Lehigh Valley IronPigs : RHP Victor Hurtado
Pitching: RHP Victor Hurtado
Batting: SHB Seung-ho Zhang 0-0: Ball
1-0: SINGLE (Groundball, 34D, EV 100.6 MPH)
Batting: RHB Adam O'Hare 0-0: Swinging Strike
0-1: Foul Ball, location: 2F
0-2: Ball
1-2: Ball
2-2: Ball
3-2: Foul Ball, location: 2F
3-2: SINGLE (Groundball, 56S, EV 73.1 MPH) (infield hit)
Seung-ho Zhang to second
Batting: RHB Francisco Ramirez 0-0: Ball
1-0: Swinging Strike
1-1: Swinging Strike
1-2: Strikes out swinging
Batting: RHB Jon Aguilar 0-0: Called Strike
Seung-ho Zhang steals 3rd base
Adam O'Hare to second
0-1: Ball
1-1: Ball
2-1: Called Strike
2-2: Foul Ball, location: 2F
2-2: Fly out, F5 (Line Drive, 5L, EV 70.0 MPH)
Batting: LHB Mark Ingram 0-0: Ball
1-0: Foul Ball, location: 2F
1-1: Ball
2-1: Swinging Strike
2-2: Ground out 4-3 (Groundball, 34, EV 80.0 MPH)
Bottom of the 1st over - 0 runs, 2 hits, 0 errors, 2 left on base; Lehigh Valley 0 - Iowa 0
TOP OF THE 2ND
Lehigh Valley IronPigs batting - Pitching for Iowa Cubs : LHP Jesse Fields
Batting: RHB Carlos Morejon 0-0: Ball
1-0: Ball
2-0: Ball
3-0: Called Strike
3-1: Base on Balls
Batting: RHB Chris Pounds 0-0: Called Strike
0-1: Foul Ball, location: 2F
0-2: Foul Ball, location: 2F
0-2: Ball
1-2: Strikes out swinging
Batting: RHB Victor Arroyo 0-0: Called Strike
0-1: Called Strike
0-2: Foul Ball, location: 2F
0-2: Strikes out swinging
Batting: RHB Moritake Fukumoto 0-0: Ball
1-0: Called Strike
1-1: Ball
2-1: Called Strike
2-2: Foul Ball, location: 2F
2-2: Foul Ball, location: 2F
2-2: Foul Ball, location: 2F
2-2: Strikes out looking
Top of the 2nd over - 0 runs, 0 hits, 0 errors, 1 left on base; Lehigh Valley 0 - Iowa 0
BOTTOM OF THE 2ND
Iowa Cubs batting - Pitching for Lehigh Valley IronPigs : RHP Victor Hurtado
Batting: RHB Brian Gargis 0-0: Foul Ball, location: 2F
0-1: Ball
1-1: Ball
2-1: Foul Ball, location: 2F
2-2: Foul Ball, location: 2F
2-2: Foul Ball, location: 2F
2-2: Ground out 1-3 (Groundball, 13S, EV 69.4 MPH)
Batting: SHB Karl Starnes 0-0: Foul Ball, location: 2F
0-1: SOLO HOME RUN (Flyball, 9LD, EV 93.8 MPH), Distance : 352 ft
Batting: RHB Pat Barton 0-0: Fly out, F7 (Flyball, 7, EV 91.9 MPH)
Batting: RHB Tony Mendez 0-0: Ground out 4-3 (Groundball, 4, EV 83.8 MPH)
Bottom of the 2nd over - 1 run, 1 hit, 0 errors, 0 left on base; Lehigh Valley 0 - Iowa 1
TOP OF THE 3RD
Lehigh Valley IronPigs batting - Pitching for Iowa Cubs : LHP Jesse Fields
Batting: SHB Marco de Leon 0-0: Swinging Strike
0-1: Foul Ball, location: 2F
0-2: Strikes out swinging
Batting: SHB Bob Dixon 0-0: Called Strike
0-1: Ball
1-1: Ball
2-1: Ball
3-1: Base on Balls
Batting: RHB Mark Schultz 0-0: Foul Ball, location: 2F
0-1: Swinging Strike
0-2: Foul Ball, location: 2F
0-2: Strikes out swinging
Batting: RHB Kyle Reilly 0-0: Foul Ball, location: 2F
0-1: Ball
1-1: Ball
2-1: Ball
3-1: Swinging Strike
3-2: Foul Ball, location: 2F
3-2: Strikes out swinging
Top of the 3rd over - 0 runs, 0 hits, 0 errors, 1 left on base; Lehigh Valley 0 - Iowa 1
BOTTOM OF THE 3RD
Iowa Cubs batting - Pitching for Lehigh Valley IronPigs : RHP Victor Hurtado
Batting: SHB Seung-ho Zhang 0-0: Ball
1-0: Ground out 6-3 (Groundball, 6, EV 85.6 MPH)
Batting: RHB Adam O'Hare 0-0: Called Strike
0-1: Swinging Strike
0-2: Strikes out swinging
Batting: RHB Francisco Ramirez 0-0: SOLO HOME RUN (Line Drive, 7D, EV 96.9 MPH), Distance : 378 ft
Batting: RHB Jon Aguilar 0-0: Called Strike
0-1: Ball
1-1: Ball
2-1: Called Strike
2-2: SINGLE (Groundball, 5S, EV 65.0 MPH) (infield hit)
Batting: LHB Mark Ingram 0-0: Called Strike
0-1: Ground out 4-3 (Groundball, 34, EV 78.8 MPH)
Bottom of the 3rd over - 1 run, 2 hits, 0 errors, 1 left on base; Lehigh Valley 0 - Iowa 2
TOP OF THE 4TH
Lehigh Valley IronPigs batting - Pitching for Iowa Cubs : LHP Jesse Fields
Batting: LHB Josh George 0-0: Foul Ball, location: 2F
0-1: Swinging Strike
0-2: Strikes out swinging
Batting: RHB Carlos Morejon 0-0: Ball
1-0: Called Strike
1-1: Called Strike
1-2: Foul Ball, location: 2F
1-2: Ball
2-2: Foul Ball, location: 2F
2-2: Strikes out swinging
Batting: RHB Chris Pounds 0-0: Ball
1-0: Foul Ball, location: 2F
1-1: Ball
2-1: Foul Ball, location: 2F
2-2: Ball
3-2: Strikes out swinging
Top of the 4th over - 0 runs, 0 hits, 0 errors, 0 left on base; Lehigh Valley 0 - Iowa 2
BOTTOM OF THE 4TH
Iowa Cubs batting - Pitching for Lehigh Valley IronPigs : RHP Victor Hurtado
Batting: RHB Brian Gargis 0-0: Ball
1-0: Swinging Strike
1-1: Ball
2-1: Fly out, F6 (Popup, 6MD, EV 53.1 MPH)
Batting: SHB Karl Starnes 0-0: Ball
1-0: Called Strike
1-1: Ball
2-1: Ball
3-1: Foul Ball, location: 2F
3-2: Base on Balls
Batting: RHB Pat Barton 0-0: Foul Ball, location: 2F
0-1: Called Strike
0-2: Ball
1-2: Ball
2-2: Fielders Choice at 2nd, 6-4 (Groundball, 6M, EV 83.8 MPH)
Batting: RHB Tony Mendez 0-0: Ball
1-0: Called Strike
1-1: Foul Ball, location: 2F
1-2: Ball
2-2: SINGLE (Groundball, 6M, EV 104.4 MPH) (infield hit)
Pat Barton to second
Batting: SHB Seung-ho Zhang 0-0: Ball
1-0: Called Strike
1-1: Foul Ball, location: 2F
1-2: Ball
2-2: SINGLE (Line Drive, 8RS, EV 99.4 MPH)
Pat Barton to third
Tony Mendez to second
Runner from 3rd tries for Home, SAFE, throw by CF to home
Batting: RHB Adam O'Hare 0-0: Called Strike
0-1: Called Strike
0-2: Foul Ball, location: 2F
0-2: Ball
1-2: Ball
2-2: Strikes out swinging
Bottom of the 4th over - 1 run, 2 hits, 0 errors, 2 left on base; Lehigh Valley 0 - Iowa 3
TOP OF THE 5TH
Lehigh Valley IronPigs batting - Pitching for Iowa Cubs : LHP Jesse Fields
Batting: RHB Victor Arroyo 0-0: Called Strike
0-1: Foul Ball, location: 2F
0-2: Ball
1-2: Foul Ball, location: 2F
1-2: Ball
2-2: Ground out 5-3 (Groundball, 56S, EV 81.2 MPH)
Batting: RHB Moritake Fukumoto 0-0: Ball
1-0: Ball
2-0: Ball
3-0: Base on Balls
Batting: SHB Marco de Leon 0-0: Ball
1-0: Ball
2-0: Called Strike
2-1: Foul Ball, location: 2F
2-2: Ball
3-2: Fielders Choice at 2nd, 6-4 (Groundball, 6, EV 96.2 MPH)
Batting: SHB Bob Dixon 0-0: Called Strike
Marco de Leon steals 2nd base
0-1: Ball
1-1: Foul Ball, location: 2F
1-2: Ground out 6-3 (Groundball, 6, EV 98.1 MPH)
Top of the 5th over - 0 runs, 0 hits, 0 errors, 1 left on base; Lehigh Valley 0 - Iowa 3
BOTTOM OF THE 5TH
Iowa Cubs batting - Pitching for Lehigh Valley IronPigs : RHP Victor Hurtado
Batting: RHB Francisco Ramirez 0-0: Ball
1-0: Ball
2-0: Fly out, F8 (Flyball, 8RD, EV 86.2 MPH)
Batting: RHB Jon Aguilar 0-0: Called Strike
0-1: Ball
1-1: Ground out 6-3 (Groundball, 6, EV 78.8 MPH)
Batting: LHB Mark Ingram 0-0: Called Strike
0-1: Ball
1-1: Ball
2-1: Swinging Strike
2-2: Foul Ball, location: 2F
2-2: Ball
3-2: Strikes out swinging
Bottom of the 5th over - 0 runs, 0 hits, 0 errors, 0 left on base; Lehigh Valley 0 - Iowa 3
TOP OF THE 6TH
Lehigh Valley IronPigs batting - Pitching for Iowa Cubs : LHP Jesse Fields
Pitching: RHP Arnaldo Cardamenho
Batting: RHB Mark Schultz 0-0: Ball
1-0: Swinging Strike
1-1: Foul Ball, location: 2F
1-2: Strikes out swinging
Batting: RHB Kyle Reilly 0-0: Ball
1-0: Swinging Strike
1-1: Ground out 1-3 (Groundball, P, EV 69.4 MPH)
Batting: LHB Josh George 0-0: Ball
1-0: Ball
2-0: Ball
3-0: Base on Balls
Batting: RHB Carlos Morejon 0-0: Ball
1-0: Called Strike
1-1: Fielders Choice at 2nd, U4 (Groundball, 4M, EV 89.4 MPH)
Top of the 6th over - 0 runs, 0 hits, 0 errors, 1 left on base; Lehigh Valley 0 - Iowa 3
BOTTOM OF THE 6TH
Iowa Cubs batting - Pitching for Lehigh Valley IronPigs : RHP Victor Hurtado
Batting: RHB Brian Gargis 0-0: Called Strike
0-1: Ball
1-1: Called Strike
1-2: Ball
2-2: SINGLE (Groundball, 3S, EV 73.1 MPH) (infield hit)
Pitching: RHP Manny Cordova
Batting: SHB Karl Starnes 0-0: Called Strike
0-1: Ball
1-1: Ball
Brian Gargis is caught stealing 2nd base 2-6
2-1: Foul Ball, location: 2F
2-2: Strikes out swinging
Batting: RHB Pat Barton 0-0: Called Strike
0-1: Ball
1-1: Ground out 2-3 (Groundball, 2L, EV 65.6 MPH)
Bottom of the 6th over - 0 runs, 1 hit, 0 errors, 0 left on base; Lehigh Valley 0 - Iowa 3
TOP OF THE 7TH
Lehigh Valley IronPigs batting - Pitching for Iowa Cubs : RHP Arnaldo Cardamenho
Batting: RHB Chris Pounds 0-0: Ball
1-0: Foul Ball, location: 2F
1-1: Foul Ball, location: 2F
1-2: Strikes out swinging
Batting: RHB Victor Arroyo 0-0: Called Strike
0-1: Ball
1-1: Swinging Strike
1-2: Ball
2-2: SINGLE (Line Drive, 5D, EV 110.0 MPH)
Batting: RHB Moritake Fukumoto 0-0: Ball
1-0: Swinging Strike
1-1: Foul Ball, location: 2F
1-2: Strikes out swinging
Batting: SHB Marco de Leon 0-0: Called Strike
0-1: Ball
Wild Pitch!
Victor Arroyo to second
1-1: Called Strike
1-2: Strikes out looking
Top of the 7th over - 0 runs, 1 hit, 0 errors, 1 left on base; Lehigh Valley 0 - Iowa 3
BOTTOM OF THE 7TH
Iowa Cubs batting - Pitching for Lehigh Valley IronPigs : RHP Manny Cordova
Pitching: RHP Josh Allport
Batting: RHB Tony Mendez 0-0: Called Strike
0-1: Called Strike
0-2: Ball
1-2: Ground out 6-3 (Groundball, 56D, EV 89.4 MPH)
Batting: SHB Seung-ho Zhang 0-0: Ball
1-0: Foul Ball, location: 2F
1-1: Foul Ball, location: 2F
1-2: SINGLE (Line Drive, 56D, EV 99.4 MPH)
Batting: RHB Adam O'Hare 0-0: Ball
1-0: Fielders Choice at 2nd, 4-6 (Groundball, 4, EV 89.4 MPH)
Batting: RHB Francisco Ramirez 0-0: Fielders Choice at 2nd, 6-4 (Groundball, 6, EV 86.9 MPH)
Bottom of the 7th over - 0 runs, 1 hit, 0 errors, 1 left on base; Lehigh Valley 0 - Iowa 3
TOP OF THE 8TH
Lehigh Valley IronPigs batting - Pitching for Iowa Cubs : RHP Arnaldo Cardamenho
Batting: SHB Bob Dixon 0-0: Ball
1-0: Ball
2-0: Ball
3-0: Foul Ball, location: 2F
3-1: Base on Balls
Batting: RHB Mark Schultz 0-0: Ball
1-0: Ball
2-0: Ball
3-0: Called Strike
3-1: Base on Balls
Bob Dixon to second
Batting: RHB Kyle Reilly 0-0: Called Strike
0-1: Foul Ball, location: 2F
0-2: SINGLE (Groundball, 56, EV 90.6 MPH) (infield hit)
Bob Dixon to third
Mark Schultz to second
Batting: LHB Josh George 0-0: Ball
1-0: Foul Ball, location: 2F
1-1: Ball
2-1: SINGLE (Groundball, 4MD, EV 105.0 MPH)
Bob Dixon scores
Mark Schultz to third
Kyle Reilly to second
Runner from 3rd tries for Home, SAFE, throw by CF to home
Kyle Reilly to third
Josh George to second
Batting: RHB Carlos Morejon 0-0: Ball
1-0: Ball
2-0: SINGLE (Flyball, 89S, EV 93.1 MPH)
Kyle Reilly scores
Josh George to third
Runner from 3rd tries for Home, throw by RF and OUT! 9-2
Pitching: RHP Jose Ramirez
Batting: RHB Chris Pounds 0-0: Ball
1-0: Ball
2-0: Called Strike
2-1: Ball
3-1: Swinging Strike
3-2: Grounds into double play, 5-4-3 (Groundball, 56, EV 87.5 MPH)
Top of the 8th over - 3 runs, 3 hits, 0 errors, 0 left on base; Lehigh Valley 3 - Iowa 3
BOTTOM OF THE 8TH
Iowa Cubs batting - Pitching for Lehigh Valley IronPigs : RHP Josh Allport
Batting: RHB Jon Aguilar 0-0: Called Strike
0-1: Swinging Strike
0-2: Foul Ball, location: 2F
0-2: Strikes out swinging
Batting: LHB Mark Ingram 0-0: Ball
1-0: Called Strike
1-1: Ball
2-1: Called Strike
2-2: Strikes out swinging
Batting: RHB Brian Gargis 0-0: Called Strike
0-1: Foul Ball, location: 2F
0-2: Strikes out swinging
Bottom of the 8th over - 0 runs, 0 hits, 0 errors, 0 left on base; Lehigh Valley 3 - Iowa 3
TOP OF THE 9TH
Lehigh Valley IronPigs batting - Pitching for Iowa Cubs : RHP Jose Ramirez
Batting: RHB Victor Arroyo 0-0: Ball
1-0: Ball
2-0: Swinging Strike
2-1: Foul Ball, location: 2F
2-2: Ball
3-2: Strikes out swinging
Pinch Hitting: LHB Theodore Conboy 0-0: Ball
1-0: Ball
2-0: Foul Ball, location: 2F
2-1: Ball
3-1: Swinging Strike
3-2: Base on Balls
Batting: SHB Marco de Leon 0-0: Ball
1-0: Ball
2-0: Ball
3-0: Called Strike
3-1: Base on Balls
Theodore Conboy to second
Batting: SHB Bob Dixon 0-0: Ball
1-0: Ball
2-0: Ball
3-0: Called Strike
3-1: Base on Balls
Theodore Conboy to third
Marco de Leon to second
Batting: RHB Mark Schultz 0-0: Foul Ball, location: 2F
0-1: Swinging Strike
0-2: Ball
1-2: SINGLE (Line Drive, 6D, EV 105.6 MPH)
Theodore Conboy scores
Marco de Leon to third
Bob Dixon to second
Pitching: LHP Jose Urena
Batting: RHB Kyle Reilly 0-0: Ball
1-0: Grounds into double play, 4-2-3 (Groundball, 4, EV 90.0 MPH)
Top of the 9th over - 1 run, 1 hit, 0 errors, 2 left on base; Lehigh Valley 4 - Iowa 3
BOTTOM OF THE 9TH
Iowa Cubs batting - Pitching for Lehigh Valley IronPigs : RHP Josh Allport
Pitching: LHP Ignacio Amaya
Now at 1B: Marco de Leon
Now at 2B: Jake Cox
Now in LF: Theodore Conboy
Batting: SHB Karl Starnes 0-0: Ball
1-0: Called Strike
1-1: Called Strike
1-2: Ball
2-2: Foul Ball, location: 2F
2-2: Ground out U3 (Groundball, 34S, EV 81.9 MPH)
Batting: RHB Pat Barton 0-0: Ball
1-0: Ground out U3 (Groundball, 34, EV 78.8 MPH)
Batting: RHB Tony Mendez 0-0: Foul Ball, location: 2F
0-1: Ball
1-1: Fly out, F5 (Popup, 5SF, EV 71.2 MPH)
Bottom of the 9th over - 0 runs, 0 hits, 0 errors, 0 left on base; Lehigh Valley 4 - Iowa 3
Tuesday, March 28th , 2023 - OOTP Baseball 23.10 Build 110